 Dungeon Crawl Stone Soup version 0.26-a0-668-gd58323b419 (webtiles) character file.

Game seed: 6230966186905151122

1911 imWUMPUS the Fighter (level 8, -1/78 HPs)
             Began as a Minotaur Fighter on Oct 19, 2020.
             Was a Priest of Qazlal.
             Slain by a centaur
             ... wielding a cursed -3 shortbow
              (8 damage)
             ... on level 6 of the Dungeon.
             The game lasted 00:18:56 (7348 turns).

imWUMPUS the Fighter (Minotaur Fighter)             Turns: 7348, Time: 00:18:57

Health: -1/78      AC:  8    Str: 22    XL:     8   Next: 95%
Magic:  9/9        EV:  7    Int:  5    God:    Qazlal [***...]
Gold:   468        SH:  0    Dex: 11    Spells: 7/7 levels left

rFire    . . .     SeeInvis .   a - +0 long sword
rCold    . . .     Faith    .   c - +0 kite shield
rNeg     . . .     Spirit   .   b - +0 scale mail
rPois    .         Reflect  .   (helmet restricted)
rElec    .         Harm     .   (no cloak)
rCorr    .         Rampage  .   (no gloves)
MR       .....                  I - +0 pair of boots
Stlth    ..........             (no amulet)
HPRegen  0.23/turn              (no ring)
MPRegen  0.11/turn              (no ring)

@: confused
A: retaliatory headbutt, horns 2
a: Upheaval, Elemental Force, Renounce Religion


You were on level 6 of the Dungeon.
You worshipped Qazlal.
Qazlal was most pleased with you.
You visited 1 branch of the dungeon, and saw 6 of its levels.

You collected 468 gold pieces.

Inventory:

Hand Weapons
 a - a +0 long sword (weapon)
Missiles
 f - 29 poisoned darts (quivered)
 j - 154 stones
 H - 5 datura-tipped darts
Armour
 b - a +0 scale mail (worn)
 c - a +0 kite shield (worn)
 I - a +0 pair of boots (worn)
Jewellery
 m - an uncursed ring of protection from magic {unknown}
 s - a cursed -4 ring of dexterity
 C - a +4 ring of slaying
 F - an uncursed ring of wizardry {unknown}
Wands
 l - a wand of random effects (35)
 o - a wand of flame (16)
 t - a wand of disintegration (14)
Scrolls
 e - 4 scrolls of teleportation {unknown}
 g - a scroll of magic mapping {unknown}
 h - 4 scrolls of identify {unknown}
 i - 3 scrolls of immolation {unknown}
 n - 2 scrolls of amnesia {unknown}
 r - 2 scrolls of enchant weapon {unknown}
 v - a scroll of fear {unknown}
 y - 2 scrolls of blinking {unknown}
 D - a scroll of noise {unknown}
 E - a scroll of fog {unknown}
 G - a scroll of remove curse {unknown}
Potions
 d - a potion of might
 k - a potion of haste {unknown}
 p - 2 potions of flight {unknown}
 q - 3 potions of mutation {unknown}
 u - a potion of invisibility {unknown}
 w - 3 potions of heal wounds {unknown}
 x - a potion of magic {unknown}
 z - a potion of ambrosia {unknown}
 A - 2 potions of lignification {unknown}
 B - a potion of curing {unknown}


   Skills:
 + Level 9.6 Fighting
 + Level 9.2 Long Blades
 + Level 5.5 Armour
 - Level 3.6 Shields
 + Level 3.2 Invocations


You had 7 spell levels left.
You didn't know any spells.
Your spell library contained the following spells:

 Spells                   Type           Power        Failure   Level
 Magic Dart               Conj           #...         99%         1
 Blink                    Tloc           N/A          100%        2
 Call Imp                 Summ           #.......     100%        2
 Slow                     Hex            #.......     100%        2
 Conjure Flame            Conj/Fire      #.......     100%        3
 Mephitic Cloud           Conj/Pois/Air  #.......     100%        3


Dungeon Overview and Level Annotations

Branches:
Dungeon (6/15)             Temple (0/1) D:6

Altars:
Kikubaaqudgha
Nemelex Xobeh
Okawaru
Qazlal
Sif Muna
Yredelemnul

Annotations:
D:3 Frask's ghost, amateur DsMo


Innate Abilities, Weirdness & Mutations

You reflexively headbutt those who attack you in melee.
You have a pair of horns on your head.


Message History

You destroy the bullfrog skeleton!
Qazlal accepts your kill.
The hound is engulfed in blazing flames.
You kill the hound!
Qazlal accepts your kill.
The orc wizard points at you and mumbles some strange words.
The puff of flame hits you.
* * * LOW HITPOINT WARNING * * *
The centaur hits you with a cursed -3 shortbow.
* * * LOW HITPOINT WARNING * * *
The orc wizard gestures wildly while chanting.
The orc wizard blinks!
You block the centaur's attack.
You closely miss the orc wizard.
The orc wizard is moderately wounded.
The orc wizard hits you but does no damage.
The orc wizard casts a spell at you.
You are confused.
The centaur hits you with a cursed -3 shortbow!
You die...

######### #######
..(.)c.># #.....#
....o...###..#..##
..#.o.o...##..o☼○#####
########...#..oc@....#
# #.#.(...oo....# .
#.###....o....# #
#.##..##.#.#..#
#..#.#...#.#### #....
.###.# ..#.. ## .#
..... .#


You could see a centaur, 2 orc wizards and 3 orcs.

Vanquished Creatures
  Grinder (D:5)
  Edmund (D:3)
  2 ice beasts
  2 ogres
  A phantom (D:4)
  A centaur (D:5)
  2 bullfrogs (D:6)
  2 scorpions
  A howler monkey (D:5)
  2 quasits (D:3)
  A jelly (D:5)
  3 orc priests
  A bullfrog skeleton (D:6)
  2 hounds
  4 orc wizards
  3 iguanas
  Natasha (thrice) (D:2)
  2 worker ants
  A howler monkey skeleton (D:5)
  7 adders
  2 white imps (D:5)
  An ooze (D:1)
  An adder zombie (D:4)
  3 worms
  4 dart slugs
  3 leopard geckos
  10 orcs
  11 giant cockroaches
  12 goblins
  11 hobgoblins
  15 jackals
  2 quokkas
  4 ball pythons
  11 bats
  5 frilled lizards
  11 kobolds
  A leopard gecko skeleton (D:5)
  A quokka skeleton (D:5)
  6 rats
156 creatures vanquished.

Notes
Turn   | Place    | Note
-------+----------+-------------------------------------------
     0 | D:1      | imWUMPUS the Minotaur Fighter began the quest for the Orb.
     0 | D:1      | Reached XP level 1. HP: 19/19 MP: 0/0
   144 | D:1      | Reached XP level 2. HP: 27/27 MP: 1/1
   512 | D:1      | Reached XP level 3. HP: 34/34 MP: 2/2
  1378 | D:2      | Found an ancient bone altar of Kikubaaqudgha.
  1517 | D:2      | Found a stormy altar of Qazlal.
  1677 | D:2      | Became a worshipper of Qazlal Stormbringer
  1685 | D:2      | Reached XP level 4. HP: 23/41 MP: 3/3
  1689 | D:2      | Reached skill level 5 in Fighting
  1925 | D:2      | Found an iron altar of Okawaru.
  2057 | D:2      | Noticed Natasha
  2065 | D:2      | Killed Natasha
  2243 | D:2      | Noticed Natasha
  2247 | D:2      | Killed Natasha
  2312 | D:2      | Noticed Natasha
  2320 | D:2      | Killed Natasha
  2320 | D:2      | Reached XP level 5. HP: 24/49 MP: 4/4
  2663 | D:3      | Reached skill level 5 in Long Blades
  2964 | D:3      | Found a transporter.
  2985 | D:3      | Found a transporter.
  2986 | D:3      | Reached * piety under Qazlal
  3326 | D:3      | Reached XP level 6. HP: 56/58 MP: 5/5
  3411 | D:3      | Noticed Frask's ghost (amateur DsMo)
  3855 | D:3      | Found a basalt altar of Yredelemnul.
  3878 | D:3      | Found a sparkling altar of Nemelex Xobeh.
  3967 | D:3      | Reached ** piety under Qazlal
  4632 | D:3      | Reached XP level 7. HP: 28/66 MP: 6/6
  4931 | D:4      | Noticed Edmund
  4969 | D:3      | Killed Edmund
  6052 | D:4      | Found a shimmering blue altar of Sif Muna.
  6216 | D:5      | Entered Level 5 of the Dungeon
  6221 | D:5      | Reached XP level 8. HP: 74/75 MP: 7/7
  6244 | D:5      | Reached skill level 1 in Invocations
  6570 | D:5      | Noticed Grinder
  6585 | D:5      | Killed Grinder
  6881 | D:5      | Reached *** piety under Qazlal
  7041 | D:5      | Reached skill level 5 in Armour
  7169 | D:6      | Found a staircase to the Ecumenical Temple.
  7348 | D:6      | Slain by a centaur

Illustrated notes

Levels and vault maps discovered:
D:1:      minmay_arrival_five_plusses, layout_basic
D:2:      layout_loops_ring, kiku_gazebo_pond_becter,
          kennysheep_okawaru_gauntlet, overflow_temple_1_default, uniq_natasha
D:3:      layout_basic, nemelex_xobeh_ov_fountains_minmay, marbit_many_paths,
          gammafunk_ghost_stat_death, minmay_randomly_rotated_circles
D:4:      layout_cave_pools, lemuel_doored_altar, hangedman_feature_mirror,
          kennysheep_generic_room_7, uniq_edmund
D:5:      minmay_razor_zed, layout_rooms, uniq_grinder
D:6:      layout_rooms, lemuel_coloured_pillars_altar,
          minmay_temple_entry_offerings

Skill      XL: |  1  2  3  4  5  6  7  8 |
---------------+-------------------------+-----
Fighting       | 4 5 6 7 8 9 |  9.6
Long Blades    | 3 4 5 6 8 9 |  9.2
Invocations    | 3 |  3.2
Armour         | 5 |  5.5
Shields        | |  3.6

Action                   |  1- 3 |  4- 6 |  7- 9 || total
-------------------------+-------+-------+-------++-------
Melee: Long sword        |    82 |   158 |   189 ||   429
       Headbutt          |    18 |    16 |    32 ||    66
Throw: Stone             |       |    17 |       ||    17
       Dart              |       |     6 |    29 ||    35
Armor: Scale mail        |    47 |   117 |    59 ||   223
Dodge: Dodged            |    30 |    85 |    36 ||   151
Block: Kite shield       |    54 |   135 |   131 ||   320
       Rpst.: Long sword |     5 |    21 |     9 ||    35

Table legend: (Time is in decaauts)
 A = Elapsed time spent in this place.
 B = Non-inter-level travel time spent in this place.
 C = Inter-level travel time spent in this place.
 D = Time resting spent in this place.
 E = Time spent auto-exploring this place.
 F = Levels seen in this place.
 G = Mean time per level.
                   A        B        C        D        E       F      G
               +--------+--------+--------+--------+--------+-----+--------+
         Total |   7454 |   7188 |    266 |   1704 |   3637 |   6 | 1242.3 |
       Dungeon |   7454 |   7188 |    266 |   1704 |   3637 |   6 | 1242.3 |
               +--------+--------+--------+--------+--------+-----+--------+

Top non-repeatable levels by time:
     D:3: 2608 daAuts
     D:2: 1565 daAuts
     D:1: 1338 daAuts
     D:5: 981 daAuts
     D:4: 833 daAuts
     D:6: 126 daAuts
